 Dungeon Sprint DCSS version 0.31-a0-37-g98a128e1d9 (webtiles) character file.

Game seed: 7094900983180257473

56 bmack86 the Cleaver (level 7, -4/70 HPs)
             Began as a Minotaur Fighter on May 15, 2023.
             Was a Believer of Okawaru.
             Slain by a wolf spider (5 damage)
             ... in the Dungeon (Sprint VI: "Thunderdome").
             The game lasted 00:04:59 (411 turns).

bmack86 the Cleaver (Minotaur Fighter)               Turns: 411, Time: 00:05:01

Health: -4/70      AC:  8    Str: 25    XL:     7   Next: 41%
Magic:  10/10      EV:  9    Int: 11    God:    Okawaru [**....]
Gold:   70         SH:  5    Dex:  9    Spells: 6/6 levels left

rFire   . . .        p - +0 broad axe
rCold   . . .        c - +0 buckler
rNeg    . . .        b - +0 scale mail
rPois   .            (helmet restricted)
rElec   .            (no cloak)
rCorr   .            (no gloves)
SInv    .            (no boots)
Will    +++..        o - amulet of the Clam {Acrobat Str+2} Stlth
                     q - ring of the Sunfish {Will+++ Int+6}
HPRegen 0.31/turn    (no ring)
MPRegen 0.12/turn

%: no teleportation, acrobat
@: lethally poisoned (-4 -> -39)
A: horns 2, retaliatory headbutt
a: Renounce Religion, Heroism


You were in the Dungeon.
You worshipped Okawaru.
Okawaru was pleased with you.
You visited 1 branch You collected 280 gold pieces.
You spent 210 gold pieces at shops.

Inventory:

Hand Weapons
 a - a +0 war axe
 p - a +0 broad axe (weapon)
Armour
 b - a +0 scale mail (worn)
 c - a +0 buckler (worn)
Jewellery
 o - the amulet of the Clam (around neck) {Acrobat Str+2}
   (You bought it in a shop in the Dungeon)

   [amulet of the acrobat]

   It increases your evasion while moving and waiting.
   Str:       It affects your strength (+2).
 q - the ring of the Sunfish (left hand) {Will+++ Int+6}
   (You bought it in a shop in the Dungeon)

   [ring of intelligence]

   Int:       It affects your intelligence (+6).
   Will:      It greatly increases your willpower.
Wands
 k - a wand of light (5)
 l - a wand of roots (5)
Scrolls
 j - 4 scrolls of blinking
 m - 3 scrolls of fog
Potions
 d - a potion of might
 f - 2 potions of heal wounds
 g - 4 potions of haste
 h - 2 potions of magic
 i - a potion of berserk rage
 n - a potion of resistance


   Skills:
 + Level 9.0 Fighting
 * Level 11.4 Axes
 + Level 8.8 Armour
 + Level 8.7 Shields
 + Level 6.4 Invocations


You had 6 spell levels left.
You didn't know any spells.
Your spell library was empty.

Dungeon Overview and Level Annotations

Branches:
Dungeon (1/1)

Altars:
Cheibriados
Dithmenos
Fedhas
Gozag
Kikubaaqudgha
Makhleb
Okawaru
Qazlal
Ru
Sif Muna
Trog
Uskayaw
Vehumet
Wu Jian
Xom
Yredelemnul
Zin
The Shining One
Lugonu

Shops:
D *[??*?*:[((!!!!


Innate Abilities, Weirdness & Mutations

You have a pair of horns on your head.
You reflexively headbutt those who attack you in melee.


Message History

Your Invocations skill increases to level 6!
You have reached level 7!
You feel better. 20...
The jumping spider leaps!
The jumping spider leaps!
The jumping spider attacks as you move away!
The jumping spider misses you. The jumping spider barely misses you.
The jumping spider leaps! 15...
The jumping spider leaps!
The jumping spider barely misses you. The jumping spider closely misses you.
You closely miss the jumping spider.
Your headbutt misses the jumping spider.
The jumping spider is severely wounded.
The jumping spider closely misses you. You block the jumping spider's attack.
The jumping spider closely misses you.
The jumping spider bites you but does no damage.
You slice the jumping spider!!
You kill the jumping spider!
Okawaru is honoured by your kill.
A wolf spider comes into view.
Your Fighting skill increases to level 9!
Your Axes skill increases to level 11!
The wolf spider's many legs skitter. 10...
You see here a scorpion corpse.
You hit the wolf spider but do no damage.
Your headbutt misses the wolf spider. The wolf spider hits you!!
* * * LOW HITPOINT WARNING * * *
The wolf spider bites you.
* * * LOW HITPOINT WARNING * * *
You feel much better. The wolf spider hits you!
* * * LOW HITPOINT WARNING * * *
The wolf spider bites you!
* * * LOW HITPOINT WARNING * * *
You are lethally poisoned!
The wolf spider poisons you! You block the wolf spider's attack.
The wolf spider bites you.
You die...

######.8.........8.######
##.___..÷...###......___∩#
###∩.......÷8.# #.8........∩
##.............###...........
#⌠..........###...###........
#⌠.......††.# #.<.# #........
#⌠..........###...###........
##.............###...........
###∩......†@8.# #.8........∩
##∩___....s.###......___∩#
######.8.........8.######
#⌠...........⌠#
###.........### #........_#
#_......._# #........_#
#∩.......∩#


You could see a wolf spider.

Vanquished Creatures
  2 jumping spiders (D)
  A phantom (D)
  2 necrophages (D)
  2 scorpions (D)
  2 jellies (D)
  A bat zombie (D)
  4 endoplasms (D)
  A ball python zombie (D)
  A jackal skeleton (D)
16 creatures vanquished.

Notes
Turn   | Place    | Note
-------+----------+-------------------------------------------
     0 | D        | bmack86 the Minotaur Fighter began the quest for the Orb.
     0 | D        | Reached XP level 1. HP: 19/19 MP: 0/0
     2 | D        | Found a shadowy altar of Dithmenos.
     2 | D        | Found a stormy altar of Qazlal.
     3 | D        | Found a glowing golden altar of the Shining One.
     3 | D        | Found a sacrificial altar of Ru.
     4 | D        | Found Cyxtime's Identification Station.
     4 | D        | Found a radiant altar of Vehumet.
     4 | D        | Found an iron altar of Okawaru.
     5 | D        | Found Qaigiem's Advanced Armour.
     5 | D        | Found Cupedurph's Jewellery.
     5 | D        | Round 1.
    10 | D        | Found a basalt altar of Yredelemnul.
    17 | D        | Became a worshipper of Warmaster Okawaru
    22 | D        | Bought a heavily runed sapphire amulet for 45 gold pieces
    22 | D        | Identified the amulet of the Clam {Acrobat Str+2} (You
                  | bought it in a shop in the Dungeon)
    35 | D        | Found Kaheuboe's Magic Scroll Shop.
    36 | D        | Found a shimmering altar of Xom.
    36 | D        | Found a burning altar of Makhleb.
    36 | D        | Found an ancient bone altar of Kikubaaqudgha.
    36 | D        | Found Weaz's Staff Store.
    37 | D        | Found Ymill's Magic Scroll Shop.
    37 | D        | Found Qushre's Must-Have Magic.
    43 | D        | Found a corrupted altar of Lugonu.
    48 | D        | Found a blossoming altar of Fedhas.
    49 | D        | Found a glowing silver altar of Zin.
    52 | D        | Found Waahoa's Distillery.
    53 | D        | Found Niqaw's Distillery.
    53 | D        | Found Qois's Bottled Wisdom.
    54 | D        | Found a snail-covered altar of Cheibriados.
    54 | D        | Found a hide-covered altar of Uskayaw.
    54 | D        | Found an opulent altar of Gozag.
    54 | D        | Found Jisa's Do-It-Yourself Clinic.
    75 | D        | Found an ornate altar of the Wu Jian Council.
    91 | D        | Found a shimmering blue altar of Sif Muna.
    93 | D        | Found a bloodstained altar of Trog.
    95 | D        | Found Vokaestra's Weapon Rack.
    97 | D        | Found Hore's Basic Armour.
    97 | D        | Found Ukhlapaas's Miscellaneous Merchandise.
    98 | D        | Found Pacumy's Premium Goods.
   108 | D        | Bought a +0 broad axe for 120 gold pieces
   117 | D        | Noticed a phantom
   125 | D        | Reached skill level 3 in Axes
   126 | D        | Killed a phantom
   126 | D        | Reached * piety under Okawaru
   127 | D        | Reached skill level 5 in Fighting
   127 | D        | Reached skill level 6 in Axes
   127 | D        | Reached skill level 5 in Armour
   127 | D        | Reached skill level 5 in Shields
   127 | D        | Reached XP level 2. HP: 29/29 MP: 0/3
   127 | D        | Reached XP level 3. HP: 36/36 MP: 0/4
   127 | D        | Reached XP level 4. HP: 42/42 MP: 0/5
   133 | D        | Noticed a necrophage
   137 | D        | Noticed a necrophage
   142 | D        | Killed a necrophage
   143 | D        | Reached skill level 7 in Axes
   143 | D        | Reached XP level 5. HP: 46/50 MP: 1/6
   147 | D        | Arena points: 14 (+14) [x2]
   148 | D        | Reached skill level 8 in Axes
   176 | D        | Bought a bound amber ring for 45 gold pieces
   176 | D        | Identified the ring of the Sunfish {Will+++ Int+6} (You
                  | bought it in a shop in the Dungeon)
   194 | D        | Round 2.
   320 | D        | Reached ** piety under Okawaru
   320 | D        | Arena points: 56 (+42) [x3]
   321 | D        | Reached XP level 6. HP: 60/60 MP: 8/8
   355 | D        | Round 3.
   369 | D        | Noticed a jumping spider
   369 | D        | Noticed a jumping spider
   377 | D        | Killed a jumping spider
   378 | D        | Reached skill level 10 in Axes
   378 | D        | Reached skill level 5 in Invocations
   398 | D        | Reached XP level 7. HP: 20/69 MP: 8/10
   406 | D        | Killed a jumping spider
   406 | D        | Noticed a wolf spider
   407 | D        | Reached skill level 11 in Axes
   411 | D        | HP: 1/70 [wolf spider (9)]
   411 | D        | Slain by a wolf spider

Illustrated notes

Levels and vault maps discovered:
D:        arena_sprint

Skill      XL: |  1  2  3  4  5  6  7 |
---------------+----------------------+-----
Axes           | 6 7 8 10 11 | 11.4
Shields        | 5 6 7 8 |  8.7
Fighting       | 5 6 7 8 9 |  9.0
Armour         | 5 6 7 8 |  8.8
Invocations    | 3 4 6 |  6.4

Action                     |  1- 3 |  4- 6 |  7- 9 || total
---------------------------+-------+-------+-------++-------
  Melee: Broad axe         |     4 |    29 |     3 ||    36
         War axe           |     2 |       |       ||     2
         Headbutt          |     1 |     9 |       ||    10
 Invoke: Heroism           |       |     1 |       ||     1
    Use: Potion            |     1 |       |     2 ||     3
 Armour: Scale mail        |     4 |    10 |     1 ||    15
  Dodge: Dodged            |     5 |    30 |     6 ||    41
  Block: Buckler           |     1 |    10 |     2 ||    13

Table legend: (Time is in decaauts)
 A = Elapsed time spent in this place.
 B = Non-inter-level travel time spent in this place.
 C = Inter-level travel time spent in this place.
 D = Time resting spent in this place.
 E = Time spent auto-exploring this place.
 F = Levels seen in this place.
 G = Mean time per level.
                   A        B        C        D        E       F      G
               +--------+--------+--------+--------+--------+-----+--------+
         Total |    415 |    415 |      0 |      0 |      0 |   1 |  415.0 |
       Dungeon |    415 |    415 |      0 |      0 |      0 |   1 |  415.0 |
               +--------+--------+--------+--------+--------+-----+--------+

Top non-repeatable levels by time:
       D: 415 daAuts
